 Dungeon Crawl Stone Soup version 0.31.0-12-g77e489cdc1 (webtiles) character file.

Game seed: 18400933813237654431

175 ChickenMitten the Conjurer (level 5, -2/28 HPs)
             Began as a Deep Elf Conjurer on Mar 3, 2024.
             Killed from afar by an orc wizard (7 damage)
             ... with a puff of flame
             ... on level 3 of the Dungeon.
             The game lasted 00:09:46 (2646 turns).

ChickenMitten the Conjurer (Deep Elf Conjurer)      Turns: 2646, Time: 00:09:46

Health: -2/28      AC:  3    Str:  4    XL:     5   Next: 29%
Magic:  3/14       EV: 17    Int: 25    God:
Gold:   116        SH:  0    Dex: 13    Spells: 10/13 levels left

rFire   . . .        n - staff of death
rCold   . . .        (no shield)
rNeg    + . .        a - +0 robe
rPois   +            (no helmet)
rElec   .            (no cloak)
rCorr   .            (no gloves)
SInv    .            j - +0 pair of boots
Will    .....        (no amulet)
Stlth   ++           d - +5 ring of evasion
HPRegen 0.24/turn    i - ring of poison resistance
MPRegen 0.14/turn

%: no passive effects
@: no status effects
A: no striking features
a: no special abilities


You were on level 3 of the Dungeon.
You visited 1 branch of the dungeon, and saw 3 of its levels.

You collected 116 gold pieces.

Inventory:

Armour
 a - a +0 robe (worn)
 j - a +0 pair of boots (worn)
 k - a +0 kite shield
Magical Staves
 n - a staff of death (weapon)
Jewellery
 d - a +5 ring of evasion (left hand)
 i - a ring of poison resistance (right hand)
 q - a ring of resist corrosion
Talismans
 g - a beast talisman
Scrolls
 c - 2 scrolls of teleportation {unknown}
 f - a scroll of poison {unknown}
 l - a scroll of brand weapon {unknown}
 m - a scroll of amnesia {unknown}
 o - a scroll of revelation {unknown}
 p - a scroll of fear {unknown}
 r - a scroll of vulnerability {unknown}
Potions
 b - a potion of magic
 e - 2 potions of might {unknown}
 h - 2 potions of haste {unknown}


   Skills:
 - Level 2.4 Dodging
 - Level 2.4 Stealth
 * Level 4.9 Spellcasting
 * Level 6.4 Conjurations


You had 10 spell levels left.
You knew the following spells:

 Your Spells              Type           Power      Damage    Failure   Level
a - Magic Dart            Conj           100%       1d8       1%          1
b - Searing Ray           Conj           76%        2d7       1%          2

Your spell library contained the following spells:

 Spells                   Type           Power      Damage    Failure   Level
 Sting                    Conj/Alch      88%        1d8       2%          1
 Dazzling Flash           Conj/Hex       44%        N/A       7%          3
 Apportation              Tloc           12%        N/A       9%          1
 Necrotise                Necr           36%        1d5       9%          1
 Summon Small Mammal      Summ           24%        N/A       9%          1
 Fulminant Prism          Conj/Alch      11%        3d9       22%         4
 Iskenderun's Mystic Bla  Conj/Tloc      22%        2d6       22%         4
 Volatile Blastmotes      Fire/Tloc      12%        2d11      26%         3
 Starburst                Conj/Fire      11%        6d5       98%         6
 Maxwell's Capacitive Co  Air            3%         ∞         100%        8


Dungeon Overview and Level Annotations

Branches:
Dungeon (3/15)

Altars:


Message History

The orc wizard gestures at you while chanting.
You are more confused.
The orc wizard points at you and mumbles some strange words.
The magic dart hits you.
You bump into the rock wall.
You're too confused to cast spells.
Sorry, you're not good enough to have a special ability.
Unknown command.
You're too confused to cast spells.
Unknown command.
You feel less confused.
Casting: Magic Dart (safe; 1% risk of failure)
Confirm with . or Enter, or press ? or * to list all spells.
Aiming: Magic Dart (safe; 1% risk of failure)
Press: ? - help, Shift-Dir - straight line, f - endoplasm
Aim: an endoplasm (wandering, hasn't noticed you, 100% to hit)
The magic dart hits the endoplasm.
The endoplasm is lightly wounded.
The endoplasm quivers.
The orc wizard points at you and mumbles some strange words.
You resist with some effort.
Unknown command.
Casting: Magic Dart (safe; 1% risk of failure)
Confirm with . or Enter, or press ? or * to list all spells.
Aiming: Magic Dart (safe; 1% risk of failure)
Press: ? - help, Shift-Dir - straight line, f/p - endoplasm
Aim: an endoplasm (lightly wounded, 100% to hit)
The magic dart hits the endoplasm.
The endoplasm is almost dead.
The endoplasm freezes you.
You are frozen.
The endoplasm freezes you.
You are frozen.
* * * LOW HITPOINT WARNING * * *
The orc attacks as it pursues you! The orc hits you with a +0 whip.
* * * LOW HITPOINT WARNING * * *
Unknown command.
The orc wizard points at you and mumbles some strange words.
The puff of flame hits you!
You die...

...# ###.. #### #.. ...
....# # .# #. #.#.##.#
#...##. # #..##.###.#..#.#
#.#.# . # #
#.......#.##.#.# #.#.# .#.
# #.......#.##.#.# #.#.#
... #
#.......#.##.#.###.#.###.)
#
#.......#.##.#.#......##.)
#
#.......#@##'#.#..)#...#..
#
#........J.....#...#...#).
#
#.........o.o.†#.o.....'..
#
#................###...#..
#
#####.#####.#..#..........
#.# #.#..####....###
##.### #.†..# #....#
#....# ##>..# #.....
#....# #.#.# ##.####


You could see an orc wizard, an orc and an endoplasm.

Vanquished Creatures
  An orc priest (D:3)
  Natasha (twice) (D:2)
  2 adders
  5 dart slugs
  3 orcs (D:3)
  7 bats
  4 endoplasms
  A giant cockroach (D:3)
  7 goblins
  3 hobgoblins
  3 jackals (D:1)
  6 kobolds
  5 quokkas
  3 ball pythons
  9 frilled lizards
  2 rats
63 creatures vanquished.

Notes
Turn   | Place    | Note
-------+----------+-------------------------------------------
     0 | D:1      | ChickenMitten the Deep Elf Conjurer began the quest for the
                  | Orb.
     0 | D:1      | Reached XP level 1. HP: 10/10 MP: 6/6
   208 | D:1      | Reached XP level 2. HP: 15/15 MP: 5/8
   357 | D:1      | Reached skill level 5 in Conjurations
   675 | D:1      | Learned a level 2 spell: Searing Ray
   762 | D:1      | Reached XP level 3. HP: 19/19 MP: 1/9
  1855 | D:2      | Noticed Natasha
  1858 | D:2      | Killed Natasha
  1859 | D:2      | Reached XP level 4. HP: 24/24 MP: 8/12
  1926 | D:2      | Reached skill level 6 in Conjurations
  2114 | D:2      | Noticed Natasha
  2117 | D:2      | Killed Natasha
  2558 | D:3      | Reached XP level 5. HP: 28/28 MP: 9/13
  2646 | D:3      | Killed from afar by an orc wizard

Illustrated notes

Levels and vault maps discovered:
D:1:      nagdon_arrival_zigzag_paths, layout_basic, minmay_splitting_lines,
          minmay_misc_feat_chi, dk_noncrumbling_3, serial_park_tiny_2,
          wad_floor_pattern_untrapped, minmay_lizard_king
D:2:      layout_basic, uniq_natasha
D:3:      layout_basic

Skill      XL: |  1  2  3  4 |
---------------+-------------+-----
Conjurations   | 5 6 |  6.4
Spellcasting   | 4 |  4.9
Dodging        | |  2.4
Stealth        | |  2.4

Action                     |  1- 3 |  4- 6 || total
---------------------------+-------+-------++-------
   Cast: Magic Dart        |    87 |    42 ||   129
         Searing Ray       |       |     2 ||     2
 Armour: Robe              |     1 |     5 ||     6
  Dodge: Dodged            |    11 |     4 ||    15
